 Dungeon Crawl Stone Soup version 0.22.0-60-ga52c2fc (webtiles) character file.

79 marrkus the Covered (level 4, -2/41 HPs)
             Began as a Gnoll Wanderer on Sept 9, 2018.
             Was a Follower of Cheibriados.
             Slain by a goblin
             ... wielding a +0 club
             ... led by Robin
              (3 damage)
             ... on level 2 of the Dungeon.
             The game lasted 00:07:35 (1548 turns).

marrkus the Covered (Gnoll Wanderer)                Turns: 1548, Time: 00:07:36

Health: -2/41      AC:  2    Str: 16    XL:     4   Next: 37%
Magic:  5/5        EV: 12    Int: 20    God:    Cheibriados [*.....]
Gold:   0          SH:  0    Dex: 17    Spells: 5/5 levels left

rFire    . . .     SeeInvis .   b - +0 mace
rCold    . . .     Gourm    .   (no shield)
rNeg     . . .     Faith    .   e - +0 robe
rPois    .         Spirit   .   (no helmet)
rElec    .         Reflect  .   (no cloak)
rCorr    .         Harm     .   (no gloves)
MR       +....                  (no boots)
Stlth    ++........             (no amulet)
HPRegen  0.13/turn              i - ring of protection from magic
MPRegen  0.09/turn              k - +3 ring of intelligence

@: about to teleport, very slow
A: distributed training, fangs 1, strong nose
a: Bend Time, Renounce Religion


You were on level 2 of the Dungeon.
You worshipped Cheibriados.
Cheibriados was aware of your devotion.
You were hungry.

You visited 1 branch of the dungeon, and saw 2 of its levels.

Inventory:

Hand Weapons
 a - a +2 hand crossbow
 b - a +0 mace (weapon)
Missiles
 c - 45 bolts
 h - 68 stones (quivered)
Armour
 e - a +0 robe (worn)
Jewellery
 i - a ring of protection from magic (left hand)
 k - a +3 ring of intelligence (right hand)
Scrolls
 d - 2 scrolls of teleportation
 l - a scroll of remove curse {unknown}
 m - a scroll of magic mapping {unknown}
Comestibles
 f - 3 rations


   Skills:
 + Level 6.6 Fighting
 + Level 1.1 Short Blades
 + Level 1.1 Long Blades
 + Level 1.1 Axes
 + Level 1.1 Maces & Flails
 + Level 1.1 Polearms
 + Level 1.1 Staves
 + Level 1.1 Slings
 + Level 1.1 Bows
 + Level 4.6 Crossbows
 + Level 1.1 Throwing
 + Level 6.6 Armour
 + Level 1.1 Dodging
 + Level 2.5 Stealth
 + Level 2.7 Shields
 + Level 1.1 Unarmed Combat
 + Level 1.1 Spellcasting
 + Level 0.8 Conjurations
 + Level 0.8 Hexes
 + Level 0.8 Charms
 + Level 0.8 Summonings
 + Level 0.8 Necromancy
 + Level 0.8 Translocations
 + Level 0.8 Transmutations
 + Level 0.8 Fire Magic
 + Level 0.8 Ice Magic
 + Level 0.8 Air Magic
 + Level 0.8 Earth Magic
 + Level 0.8 Poison Magic
 + Level 1.2 Invocations
 + Level 1.1 Evocations


You had 5 spell levels left.
You didn't know any spells.
Your spell library was empty.

Dungeon Overview and Level Annotations

Branches:
Dungeon (2/15)

Altars:
Cheibriados

Annotations:
D:2 Robin


Innate Abilities, Weirdness & Mutations

Your experience applies equally to all skills.
You have very sharp teeth.
Your uncanny sense of smell can sniff out nearby items.


Message History

Robin throws the goblin at you!
* * * LOW HITPOINT WARNING * * *
The goblin hits you.
* * * LOW HITPOINT WARNING * * *
You aren't carrying any potions.
You aren't carrying any items that you can evoke.
As you read the scroll labeled RUDDIY MEEFONT, it crumbles to dust.
Your brain hurts!
It was a scroll of random uselessness.
The goblin no longer looks unusually strong. x2
The goblin barely misses you.
Robin roars a battlecry!
The goblins go into a battle-frenzy!
The goblin barely misses you. The goblin closely misses you.
As you read the scroll labeled RYTI CUOSMOILU, it crumbles to dust.
It is a scroll of amnesia.
You feel forgetful for a moment.
The hobgoblin no longer looks unusually strong. x2
The goblin misses you. The goblin barely misses you.
The goblin hits you with a club.
You die...

#.....#####
########.........#
.......#.........#
.......#.........#
.......#.........#
.......#.........#
......(#.........#
......g####g######
.....gggrg@g#
.....gg######
#######


You could see Robin, a quokka, a hobgoblin and 7 goblins.

Vanquished Creatures
  Natasha (D:2)
  An adder (D:2)
  An ooze (D:1)
  A dart slug (D:1)
  4 leopard geckos (D:1)
  2 bats (D:1)
  2 giant cockroaches (D:1)
  6 goblins
  3 hobgoblins (D:1)
  3 jackals (D:1)
  6 kobolds
  A frilled lizard (D:2)
  2 rats (D:1)
33 creatures vanquished.

Notes
Turn   | Place    | Note
-------+----------+-------------------------------------------
     0 | D:1      | marrkus the Gnoll Wanderer began the quest for the Orb.
     0 | D:1      | marrkus set off with: a +2 hand crossbow, 24 bolts, a +0
                  | mace, a scroll of teleportation, a +0 robe, a ration
     0 | D:1      | Reached XP level 1. HP: 23/23 MP: 1/1
    37 | D:1      | Reached XP level 2. HP: 29/29 MP: 2/2
   263 | D:1      | Reached XP level 3. HP: 11/35 MP: 3/3
   486 | D:1      | Found a snail-covered altar of Cheibriados.
   497 | D:1      | Became a worshipper of Cheibriados the Contemplative
   964 | D:1      | Reached skill level 1 in Invocations
  1250 | D:2      | Noticed Natasha
  1262 | D:2      | Killed Natasha
  1262 | D:2      | Reached skill level 1 in Short Blades
  1262 | D:2      | Reached skill level 1 in Long Blades
  1262 | D:2      | Reached skill level 1 in Axes
  1262 | D:2      | Reached skill level 1 in Maces & Flails
  1262 | D:2      | Reached skill level 1 in Polearms
  1262 | D:2      | Reached skill level 1 in Staves
  1262 | D:2      | Reached skill level 1 in Slings
  1262 | D:2      | Reached skill level 1 in Bows
  1262 | D:2      | Reached skill level 1 in Throwing
  1262 | D:2      | Reached skill level 1 in Dodging
  1262 | D:2      | Reached skill level 1 in Unarmed Combat
  1262 | D:2      | Reached skill level 1 in Spellcasting
  1262 | D:2      | Reached skill level 1 in Evocations
  1262 | D:2      | Reached XP level 4. HP: 9/41 MP: 5/5
  1510 | D:2      | Reached * piety under Cheibriados
  1534 | D:2      | Noticed Robin
  1546 | D:2      | HP: 1/41 [goblin[Robin] (4)]
  1548 | D:2      | Slain by a goblin

Skill      XL: |  1  2  3 |
---------------+----------+-----
Invocations    | 1 |  1.2
Short Blades   | 1 |  1.1
Long Blades    | 1 |  1.1
Axes           | 1 |  1.1
Maces & Flails | 1 |  1.1
Polearms       | 1 |  1.1
Staves         | 1 |  1.1
Slings         | 1 |  1.1
Bows           | 1 |  1.1
Throwing       | 1 |  1.1
Dodging        | 1 |  1.1
Unarmed Combat | 1 |  1.1
Spellcasting   | 1 |  1.1
Evocations     | 1 |  1.1
Fighting       | |  6.6
Crossbows      | |  4.6
Armour         | |  6.6
Stealth        | |  2.5
Shields        | |  2.7
Conjurations   | |  0.8
Hexes          | |  0.8
Charms         | |  0.8
Summonings     | |  0.8
Necromancy     | |  0.8
Translocations | |  0.8
Transmutations | |  0.8
Fire Magic     | |  0.8
Ice Magic      | |  0.8
Air Magic      | |  0.8
Earth Magic    | |  0.8
Poison Magic   | |  0.8

Action                   |  1- 3 |  4- 6 || total
-------------------------+-------+-------++-------
Melee: Mace              |    86 |     9 ||    95
       Bite              |    12 |     1 ||    13
       Punch             |     2 |       ||     2
 Fire: Hand crossbow     |     6 |       ||     6
  Use: Potion            |     1 |       ||     1
       Scroll            |       |     3 ||     3
 Stab: Sleeping          |     7 |       ||     7
  Eat: Chunk             |     1 |     1 ||     2
Armor: Robe              |    19 |     2 ||    21
Dodge: Dodged            |    61 |    16 ||    77
